Map: Newkirk Precinct TE (Void)

Players

Fropez

  • Race: Protoss Protoss
  • League: Gold
  • Spawn Location: 7:00

CHAOMING - Winner!

  • Race: Terran Terran
  • Spawn Location: 5:00

VOD

Have the link to the VOD?

Description

Time

  • Played on: Jan. 24, 2017, 8:28 p.m.
  • Length: 9:18
Show
View Real Time Build Order
Export as new Build Order

Fropez Protoss 

Build Orders: 1 Gate Expand 

Get SALT Encoding   

  13  0:09  Probe (Chrono Boost)  
  13  0:18  Pylon  
  13  0:20  Probe (Chrono Boost)  
  14  0:30  Probe (Chrono Boost)  
  15  0:40  Gateway  
  15  0:41  Probe (Chrono Boost)  
  16  0:48  Assimilator  
  16  0:52  Probe (Chrono Boost)  
  18  1:04  Probe (Chrono Boost)  
  18  1:15  Probe (Chrono Boost)  
  19  1:25  Probe (Chrono Boost)  
  20  1:31  Nexus  
  20  1:37  Pylon  
  20  1:42  Probe (Chrono Boost)  
  21  1:53  Probe (Chrono Boost)  
  22  1:57  Assimilator  
  21  2:10  Cybernetics Core  
  21  2:24  Gateway  
  21  2:25  Gateway  
  21  2:28  Pylon  
  21  2:34  Pylon  
  21  2:36  Probe (Chrono Boost)  
  22  2:43  Stalker  
  26  2:54  Mothership Core (Chrono Boost)  
  24  2:59  Probe (Chrono Boost)  
  25  3:10  Probe (Chrono Boost)  
  26  3:14  Probe (Chrono Boost), Warp Gate  
  25  3:21  Probe (Chrono Boost)  
  27  3:28  Probe (Chrono Boost)  
  27  3:39  Probe (Chrono Boost)  
  27  3:40  Probe (Chrono Boost)  
  29  3:50  Twilight Council  
  29  3:52  Probe (Chrono Boost)  
  29  3:54  Probe (Chrono Boost)  
  31  4:01  Adept  
  31  4:05  Adept x2  
  31  4:09  Probe (Chrono Boost)  
  38  4:12  Probe (Chrono Boost)  
  38  4:14  Resonating Glaives  
  39  4:21  Pylon, Probe (Chrono Boost)  
  41  4:25  Probe (Chrono Boost)  
  41  4:36  Adept x2  
  45  4:40  Adept  
  48  4:46  Probe (Chrono Boost)  
  48  4:50  Pylon  
  50  5:00  Probe x2 (Chrono Boost)  
  50  5:05  Gateway  
  48  5:42  Stalker x3  
  50  6:03  Robotics Facility  
  50  6:10  Stalker x2  
  50  6:11  Stalker  
  54  6:15  Probe (Chrono Boost)  
  54  6:16  Pylon  
  55  6:25  Probe (Chrono Boost)  
  41  6:57  Observer  
  40  7:16  Nexus  
  40  7:19  Pylon  
  34  7:31  Mothership Core (Chrono Boost)  
  34  7:42  Probe (Chrono Boost), Stalker  
  35  7:51  Probe (Chrono Boost)  
  36  7:54  Probe (Chrono Boost)  
  37  8:03  Probe (Chrono Boost)  
  37  8:05  Assimilator  
  39  8:06  Probe (Chrono Boost)  
  39  8:09  Assimilator  
  39  8:22  Assimilator  
  39  8:26  Assimilator  
  39  8:29  Probe x2 (Chrono Boost)  
  39  8:30  Probe (Chrono Boost)  
  39  8:31  Gateway  
  39  8:32  Adept x4  
  51  8:41  Pylon  
  51  8:42  Probe (Chrono Boost)  
  51  8:43  Probe (Chrono Boost)  
  52  8:58  Probe x2 (Chrono Boost)  
  52  9:00  Probe (Chrono Boost)  
  55  9:10  Dark Shrine  
Show
View Real Time Build Order
Export as new Build Order

CHAOMING Terran - Winner!

Build Orders: Reaper Expand, MMM Bio 

Get SALT Encoding   

  12  0:02  SCV  
  13  0:14  SCV  
  13  0:18  Supply Depot  
  14  0:26  SCV  
  15  0:40  SCV  
  15  0:41  Barracks  
  16  0:44  Refinery  
  16  0:52  SCV  
  17  1:04  SCV  
  18  1:16  SCV  
  19  1:30  Orbital Command, Reaper  
  20  1:42  Command Center  
  20  1:56  SCV  
  21  2:06  Supply Depot  
  21  2:08  Barracks Reactor, SCV  
  22  2:18  Refinery  
  22  2:21  SCV  
  22  2:22  Factory  
  23  2:33  SCV  
  24  3:21  SCV  
  24  3:22  Orbital Command  
  25  3:28  Starport  
  25  3:33  Barracks Reactor  
  25  3:37  SCV  
  26  3:41  Barracks, Engineering Bay  
  26  3:49  SCV x2  
  26  3:51  Widow Mine  
  26  3:52  Widow Mine  
  32  4:01  SCV, Engineering Bay  
  33  4:08  Medivac  
  35  4:11  Marine x2  
  37  4:19  SCV x2  
  37  4:21  Barracks  
  39  4:25  Widow Mine x2  
  39  4:26  Supply Depot  
  39  4:29  Marine x2  
  39  4:30  Barracks Tech Lab  
  45  4:39  Missile Turret  
  45  4:48  Marine x2  
  45  4:50  Missile Turret  
  45  4:52  Starport Reactor  
  46  5:01  SCV x2  
  46  5:04  Bunker  
  46  5:06  Widow Mine x2  
  52  5:07  Marine, Supply Depot  
  52  5:09  Barracks Tech Lab  
  51  5:55  SCV x2, Terran Infantry Weapons Level 1, Terran Infantry Armor Level 1  
  53  5:57  Stimpack, Combat Shields  
  53  5:58  Marine  
  53  5:59  Marine  
  53  6:00  Marauder x2, Medivac  
  61  6:07  SCV  
  61  6:09  Refinery  
  62  6:31  Supply Depot  
  62  6:39  Refinery  
  62  6:43  SCV x2  
  55  6:54  Marine x2  
  55  6:55  SCV, Medivac x2  
  55  6:56  Widow Mine x2  
  54  7:26  Marine x2  
  54  7:28  Widow Mine x2, Marauder x2  
  64  7:35  SCV x2  
  66  7:44  Marine x2  
  66  7:47  SCV  
  67  7:53  Marine x2  
  67  7:55  Concussive Shells  
  69  8:02  Marine  
  70  8:12  Supply Depot  
  70  8:20  Supply Depot  
  70  8:33  Supply Depot  
  70  8:38  Supply Depot  
  70  8:41  Marine x2, Widow Mine, Medivac x2  
  70  8:42  Marauder x2  
  70  8:46  Armory  
  82  8:59  Marine x2  
Tags
 
Add a new tag
Caveats
  • Supply blocks, unpowered buildings, or Contaminate may cause inaccurate times.
  • Supply counts are checked every 10 seconds.